[Event "Memorial Ukrainian Chess Warriors 2024"]
[Site "Lviv"]
[Date "2024.03.15"]
[Round "6.20"]
[White "Trushko, Andrii"]
[Black "Marchyshyn, Vasyl"]
[Result "1-0"]
[ECO "A45"]
[WhiteElo "2050"]
[BlackElo "1753"]
[Annotator "NA"]
[PlyCount "73"]
[EventDate "2024.03.06"]
[EventType "swiss"]
[EventCountry "UKR"]
[SourceTitle "playchess.com"]
[Source "ChessBase"]
[SourceQuality "1"]
[TimeControl "600+5"]

1. d4 Nf6 2. Bg5 c5 3. Bxf6 exf6 4. dxc5 Bxc5 5. e3 d5 6. c3 O-O 7. Nd2 Nc6 8. Ngf3 Re8 9. Be2 Bb6 10. O-O f5 11. Nb3 Qf6 12. Qxd5 f4 13. e4 h6 14. Rad1 Be6 15. Qd3 g5 16. h3 Rad8 17. Qc2 h5 18. Rxd8 Rxd8 19. Nh2 Ne5 20. Bxh5 Kg7 21. Nd4 Bxd4 22. cxd4 Rxd4 23. Rd1 Rc4 24. Qe2 Rc8 25. b3 a5 26. Bf3 a4 27. bxa4 Rc3 28. Ng4 Bxg4 29. Bxg4 Ra3 30. Bf5 Rxa4 31. f3 Qb6+ 32. Kh2 Rb4 33. Qe1 Rb2 34. Qc3 f6 35. a4 Kh6 36. Qc8 Nf7 37. Qf8+ 1-0

[Event "Memorial Ukrainian Chess Warriors 2024"]
[Site "Lviv"]
[Date "2024.03.15"]
[Round "6.21"]
[White "Nakonechnyi, Oleksii"]
[Black "Nedilko, Vasily"]
[Result "0-1"]
[ECO "A22"]
[WhiteElo "1756"]
[BlackElo "2324"]
[Annotator "TA"]
[PlyCount "76"]
[EventDate "2024.03.06"]
[EventType "swiss"]
[EventCountry "UKR"]
[SourceTitle "playchess.com"]
[Source "ChessBase"]
[SourceQuality "1"]
[TimeControl "600+5"]

1. c4 e5 2. Nc3 Nf6 3. g3 Bb4 4. Nd5 Nxd5 5. cxd5 O-O 6. Bg2 c5 7. e3 d6 8. Ne2 Nd7 {[%emt 0:00:44] The position is equal.} 9. O-O b5 10. d4 Re8 11. a3 Ba5 12. dxc5 dxc5 13. e4 Bb6 14. Be3 (14. Nc3 $14 {is more appropriate.}) 14... c4 $11 15. Bxb6 Qxb6 16. Qc2 (16. b4 $11) 16... Nc5 $15 17. Rad1 Bd7 18. Kh1 Nd3 {[%emt 0:01:31] Black is more active.} (18... a5 $17 19. f4 Bg4) 19. Nc1 $11 Nc5 20. f4 (20. Ne2 $1 $11) 20... f6 {[%emt 0:00:12] Black converts the advantage convincingly.} 21. Ne2 (21. b4 $15 Nb7 22. Ne2 (22. fxe5 Rxe5 23. Na2 Nd6 $17)) 21... a5 $17 22. fxe5 fxe5 ({Black should play} 22... Rxe5 {Threatens to win with ...Rae8.} 23. Rd4 Rf8) 23. Bf3 {[%emt 0:00:48] [#]} (23. Nc1 $17) 23... Rf8 $1 $19 24. Kg2 Rf6 25. Qc3 Re8 (25... Nd3 $19 {...Raf8 would now be deadly.} 26. Nc1 b4 27. axb4 axb4) 26. Nc1 (26. h4 $17 {was worth a try.}) 26... Na4 27. Qc2 Ref8 28. Qe2 {[%emt 0:00:27] Wards off Qe3} (28. Qd2) 28... Qc5 29. Rd2 $2 (29. h3) 29... Qc8 30. g4 Rf4 {[%emt 0:00:11][%cal Oh7h5] White must now prevent ...h5!} 31. h3 {[%emt 0:00:01] [#]} h5 $1 32. Kg3 (32. Kh2 hxg4) 32... Nc5 33. d6 Qc6 34. Rdd1 R8f6 {[%emt 0:00:20] And now ...hxg4 would win.} 35. Qe3 $2 (35. g5 Rxd6 36. Bg2) 35... hxg4 {[%emt 0:00:30] Black is clearly winning.} 36. hxg4 {[%emt 0:00:02] [#]} Bxg4 $1 37. Bxg4 (37. d7 Bxd7) 37... Rxf1 (37... Nxe4+ $142 38. Kh2 Rxg4 (38... Rxf1 $2 39. Rxf1 Rxf1 40. d7 $19) 39. Rxf6 Rh4+ (39... gxf6 40. d7 $11) (39... Nxf6 $2 40. Rg1 $19) 40. Qh3 Rxh3+ 41. Kxh3 Nxf6) 38. d7 Rxd1 {[%emt 0:00:03] Weighted Error Value: White=1.30/Black=0.78.  Mistake:       	White=8     	Black=3      Inaccurate:     	White=1     	Black=3      OK:         	White=3     	Black=11     Best:        	White=4     	---        Strong:       	---       	Black=1} 0-1

[Event "Memorial Ukrainian Chess Warriors 2024"]
[Site "Lviv"]
[Date "2024.03.15"]
[Round "6.22"]
[White "Podolskyi, Mykhailo"]
[Black "Tarleva, Vira"]
[Result "1/2-1/2"]
[ECO "D10"]
[WhiteElo "2331"]
[BlackElo "2030"]
[Annotator "TA"]
[PlyCount "99"]
[EventDate "2024.03.06"]
[EventType "swiss"]
[EventCountry "UKR"]
[SourceTitle "playchess.com"]
[Source "ChessBase"]
[SourceQuality "1"]
[TimeControl "600+5"]

1. d4 d5 2. c4 c6 3. e3 Nf6 4. Nc3 a6 5. Qc2 e6 6. Nf3 c5 7. cxd5 exd5 8. Be2 Nc6 9. O-O cxd4 10. Nxd4 {[%emt 0:00:04] White is slightly better.} Nxd4 11. exd4 Be7 12. Bf3 Be6 13. Bg5 O-O 14. Qb3 b5 15. Rfd1 b4 (15... Rc8 $11) 16. Bxf6 Bxf6 17. Qxb4 Rb8 18. Qa3 Be7 {[%emt 0:00:10] A strong pair of Bishops.} 19. Qxa6 Rxb2 20. Rab1 Rb4 21. Rxb4 Bxb4 22. Ne2 Qa8 23. Qxa8 Rxa8 24. Nf4 Rxa2 25. Bxd5 Rd2 (25... Bg4 $14) 26. Rxd2 $16 Bxd2 27. Nxe6 fxe6 28. Bxe6+ {[%emt 0:00:01][%mdl 4096] Endgame. KB-KB} Kf8 29. Kf1 Bc3 30. d5 Be5 31. g3 g5 32. Ke2 Ke7 33. Kf3 Bd4 34. Kg4 Kf6 35. f3 Bg1 36. h3 Bf2 37. f4 gxf4 38. Kxf4 Bc5 39. h4 Bd6+ 40. Kf3 h5 (40... h6 $142) 41. Bd7 Ke5 {[%emt 0:00:07] [#]} 42. Bc6 $1 ({Of course not} 42. Be8 $6 Kxd5 43. g4 (43. Bxh5 Ke6 $11) 43... hxg4+ 44. Kg2 Ke6 $11) 42... Be7 43. Bb7 Bf6 44. Bc6 Be7 45. Be8 (45. g4 $16) 45... Kxd5 $14 46. Bxh5 Bxh4 $2 {[%emt 0:00:01] Black cannot hold the game after this.} 47. gxh4 $18 {[%emt 0:00:01] [#] White wants to mate with Kf4. White has a decisive advantage.} Ke6 48. Kf4 {[%emt 0:00:07] White threatens Kg5 and mate.} Kf6 49. Bd1 Kg7 50. Ke4 {[%mdl 32768] Weighted Error Value: White=0.11 (very precise) /Black=0.20 (precise) .  Loses game:     	---       	Black=1      Mistake:       	White=1     	Black=3      Inaccurate:     	White=3     	Black=2      OK:         	White=14    	Black=15     Best:        	White=2     	Black=3      Strong:       	White=1     	---       . An unexpected result.} 1/2-1/2

[Event "Memorial Ukrainian Chess Warriors 2024"]
[Site "Lviv"]
[Date "2024.03.15"]
[Round "6.23"]
[White "Frankiv, Oleksandr"]
[Black "Piddubna, Bozhena"]
[Result "0-1"]
[ECO "C44"]
[WhiteElo "1788"]
[BlackElo "2132"]
[Annotator "ChessBase"]
[PlyCount "76"]
[EventDate "2024.03.06"]
[EventType "swiss"]
[EventCountry "UKR"]
[SourceTitle "playchess.com"]
[Source "ChessBase"]
[SourceQuality "1"]
[TimeControl "600+5"]

1. e4 e5 2. Nf3 Nc6 3. d4 exd4 4. c3 d5 5. exd5 Qxd5 6. cxd4 Nf6 7. Nc3 Bb4 8. Be2 O-O 9. O-O Bxc3 10. bxc3 Bg4 11. Rb1 b6 12. Bf4 Qf5 13. Bxc7 Nd5 14. Rb5 Qd7 15. Rxd5 Qxd5 16. c4 Qd7 17. Bg3 Rac8 18. d5 Bxf3 19. Bxf3 Na5 20. Bg4 f5 21. Be2 Nxc4 22. Qd4 Nd6 23. Bd3 Rc5 24. Qe5 Ne4 25. Bf4 Re8 26. Qd4 Kh8 27. Qb2 Rxd5 28. Bc4 Rc5 29. Bb3 Nc3 30. Be3 Rc7 31. h3 h6 32. Kh1 Kh7 33. Rc1 Ne4 34. Rd1 Qe7 35. Qe2 Nc3 36. Qf3 Nxd1 37. Qxf5+ g6 38. Qf4 Nxe3 0-1

[Event "Memorial Ukrainian Chess Warriors 2024"]
[Site "Lviv"]
[Date "2024.03.15"]
[Round "6.25"]
[White "Skarbarchuk, Tetyana"]
[Black "Romaniv, Mykola"]
[Result "1/2-1/2"]
[ECO "D46"]
[WhiteElo "1929"]
[BlackElo "1773"]
[Annotator "NA RC"]
[PlyCount "54"]
[EventDate "2024.03.06"]
[EventType "swiss"]
[EventCountry "UKR"]
[SourceTitle "playchess.com"]
[Source "ChessBase"]
[SourceQuality "1"]
[TimeControl "600+5"]

1. d4 Nf6 2. c4 e6 3. Nf3 d5 4. Nc3 c6 5. e3 Nbd7 6. Bd3 Bd6 7. O-O h6 8. e4 dxe4 9. Nxe4 Nxe4 10. Bxe4 Nf6 11. Bc2 b6 12. b3 Bb7 13. Bb2 b5 14. Re1 Qc7 15. Qd3 bxc4 16. bxc4 O-O-O 17. Rab1 c5 18. h3 Nh5 19. d5 exd5 20. Qf5+ Kb8 21. Qxh5 d4 22. Bxd4 cxd4 23. Be4 Qxc4 24. Bxb7 Bb4 25. Rec1 Qxc1+ 26. Rxc1 Kxb7 27. Qb5+ Ka8 1/2-1/2

[Event "Memorial Ukrainian Chess Warriors 2024"]
[Site "Lviv"]
[Date "2024.03.15"]
[Round "6.26"]
[White "Shton, Roman"]
[Black "Popov, Sergey A."]
[Result "1-0"]
[ECO "A46"]
[WhiteElo "2002"]
[BlackElo "1923"]
[Annotator "NA RC"]
[PlyCount "61"]
[EventDate "2024.03.06"]
[EventType "swiss"]
[EventCountry "UKR"]
[SourceTitle "playchess.com"]
[Source "ChessBase"]
[SourceQuality "1"]
[TimeControl "600+5"]

1. d4 Nf6 2. Nf3 d6 3. c4 c6 4. Nc3 g6 5. Bg5 Bg7 6. e3 O-O 7. Be2 Nbd7 8. O-O Qc7 9. Qc2 h6 10. Bh4 Re8 11. Rfe1 a5 12. h3 b6 13. a3 Bb7 14. Bg3 Nh5 15. Bh2 Rac8 16. b4 e5 17. bxa5 bxa5 18. Rab1 f5 19. g4 fxg4 20. hxg4 Nhf6 21. c5 dxc5 22. Qb3+ Kh8 23. Qxb7 cxd4 24. Qxc7 Rxc7 25. exd4 Nxg4 26. Bg3 Ra7 27. Nh4 exd4 28. Bxg4 Rxe1+ 29. Rxe1 dxc3 30. Nxg6+ Kg8 31. Ne7+ 1-0

[Event "Memorial Ukrainian Chess Warriors 2024"]
[Site "Lviv"]
[Date "2024.03.15"]
[Round "6.27"]
[White "Masnyak, Yuriy"]
[Black "Ivanytska, Liudmyla"]
[Result "1/2-1/2"]
[ECO "B27"]
[WhiteElo "1785"]
[BlackElo "1994"]
[Annotator "NA RC"]
[PlyCount "61"]
[EventDate "2024.03.06"]
[EventType "swiss"]
[EventCountry "UKR"]
[SourceTitle "playchess.com"]
[Source "ChessBase"]
[SourceQuality "1"]
[TimeControl "600+5"]

1. e4 c5 2. Nf3 g6 3. d4 cxd4 4. Nxd4 Bg7 5. c4 Nf6 6. Nc3 Nc6 7. Be2 O-O 8. Be3 d6 9. O-O Nxd4 10. Bxd4 Be6 11. b3 Qa5 12. Rc1 Rac8 13. f4 Rfd8 14. Kh1 Ne8 15. f5 Bd7 16. Nd5 Bf8 17. f6 exf6 18. Bxf6 Nxf6 19. Nxf6+ Kh8 20. Nxd7 Rxd7 21. Bg4 Rcd8 22. Bxd7 Rxd7 23. Qd5 Qc7 24. Rcd1 Qd8 25. Rxf7 Rxf7 26. Qxf7 Qb8 27. e5 b6 28. exd6 Qd8 29. d7 Be7 30. Re1 Qxd7 31. Qxe7 1/2-1/2

[Event "Memorial Ukrainian Chess Warriors 2024"]
[Site "Lviv"]
[Date "2024.03.15"]
[Round "7.1"]
[White "Dubnevych, Maksym"]
[Black "Kislinsky, Alexey"]
[Result "0-1"]
[ECO "C26"]
[WhiteElo "2293"]
[BlackElo "2361"]
[Annotator "TA"]
[PlyCount "44"]
[EventDate "2024.03.06"]
[EventType "swiss"]
[EventCountry "UKR"]
[SourceTitle "playchess.com"]
[Source "ChessBase"]
[SourceQuality "1"]
[TimeControl "600+5"]

1. Nc3 Nf6 2. e4 e5 3. g3 d5 4. exd5 c6 5. dxc6 Nxc6 6. d3 Bc5 7. Bg5 ({White should try} 7. Bg2 $11) 7... Qb6 $15 8. Qd2 {[%emt 0:01:31] Black is better.} Ng4 ({Much weaker is} 8... Qxb2 9. Rb1 Qa3 10. Bxf6 gxf6 11. Rb3 $11) 9. Nd1 {[%emt 0:02:31] [#]} Nxf2 $1 {[%emt 0:01:41][%mdl 512] Black has more active pieces.} 10. Nxf2 h6 11. Ne4 {[%emt 0:01:54] aiming for Nxc5.} hxg5 12. Nxc5 Qxc5 13. O-O-O (13. Bg2 $142) 13... f6 (13... Be6 $17 {Threatens to win with ...0-0-0.} 14. Bg2 Bxa2) 14. Bg2 Bg4 $36 {[%emt 0:00:41][%mdl 2048] Black has good play.} 15. Bf3 {[%emt 0:00:14] White does not recover from this.} (15. Re1 $15) 15... Bxf3 $19 16. Nxf3 Qd5 17. Qe3 Qxa2 {[%emt 0:00:10] Strongly threatening ...g4.} 18. Kd2 $2 {[%emt 0:00:39] [#]} (18. Qe4 {is a better defense.}) 18... O-O-O {[%emt 0:00:34][%cal Og5g4] White must now prevent ...g4!} (18... Qxb2 $2 19. Rb1 Qa3 20. Rxb7 $19) 19. Ra1 (19. Qe4 {was called for.}) 19... Qd5 (19... Qxb2 $2 {perishes.} 20. Rhb1 $18) 20. c3 (20. Rhe1 $142 g4 21. Nh4) 20... a6 $2 (20... e4 21. Nd4 Nxd4 22. cxd4 exd3 (22... Qxd4 $2 23. Qxd4 Rxd4 24. Ke3 $19) 23. Qxd3 Kb8 (23... Qxd4 $2 24. Qxd4 Rxd4+ 25. Kc3 $19)) 21. Kc2 Rd7 22. Ra3 $2 (22. Qe4) 22... g4 {[%emt 0:00:04] Weighted Error Value: White=0.97/Black=0.49.  Mistake:       	White=7     	Black=2      Inaccurate:     	White=1     	---        OK:         	White=3     	Black=6      Best:        	White=1     	Black=4} 0-1

[Event "Memorial Ukrainian Chess Warriors 2024"]
[Site "Lviv"]
[Date "2024.03.15"]
[Round "7.2"]
[White "Pavlov, Sergey"]
[Black "Sakun, Volodymyr"]
[Result "1/2-1/2"]
[ECO "A13"]
[WhiteElo "2451"]
[BlackElo "2301"]
[Annotator "TA"]
[PlyCount "62"]
[EventDate "2024.03.06"]
[EventType "swiss"]
[EventCountry "UKR"]
[SourceTitle "playchess.com"]
[Source "ChessBase"]
[SourceQuality "1"]
[TimeControl "600+5"]

1. c4 e6 2. g3 d5 3. Bg2 Nf6 4. Nf3 Be7 5. d4 O-O 6. Nc3 dxc4 7. O-O Nc6 8. e3 Rb8 9. Qa4 Bd6 (9... Nb4 $142) 10. Qxc4 $11 e5 11. d5 {White is slightly better.} Ne7 12. Ng5 a6 13. a4 Bd7 (13... c6 {seems wilder.} 14. dxc6 Nxc6 15. Rd1 Bg4) 14. Rd1 b5 15. axb5 axb5 16. Qb3 Bg4 17. f3 Bf5 18. e4 Bd7 19. Be3 h6 (19... Qc8 $1 $15 20. f4 Ng4) 20. Nh3 Nh7 (20... h5 $11) 21. f4 {White is more active.} ({White should play} 21. Nf2 $16) 21... Bxh3 {The position is equal.} 22. Bxh3 exf4 23. gxf4 {[%cal Oe4e5] [#] Hoping for e5!} Ng6 {White must now prevent ...Qh4.} 24. e5 (24. Nxb5 $2 Nxf4 25. Bf1 Qg5+ 26. Kh1 Qh5 $19) 24... Qh4 $1 25. Bg2 Nxf4 $1 26. exd6 Nxg2 27. Kxg2 {[#] Strongly threatening Rd4.} ({Not} 27. Bf2 $2 Qg4 28. Rd4 (28. Nxb5 $2 {is the wrong capture.} Ne3+ 29. Bg3 Qf3 $19) 28... Nf4+ 29. Bg3 Nh3+ 30. Kg2 Qxd4 $19) 27... Qg4+ 28. Kf2 Qh4+ 29. Kg2 {Rd4 would now be deadly.} Qg4+ 30. Kf2 Qh4+ 31. Kg2 {And now Rd4 would win.} Qg4+ {Weighted Error Value: White=0.11 (very precise) /Black=0.12 (very precise) .  Mistake:       	White=1     	Black=3      Inaccurate:     	White=3     	Black=1      OK:         	White=9     	Black=10     Best:        	White=4     	Black=2      Strong:       	---       	Black=2} 1/2-1/2

[Event "Memorial Ukrainian Chess Warriors 2024"]
[Site "Lviv"]
[Date "2024.03.15"]
[Round "7.3"]
[White "Mosesov, Danyil"]
[Black "Dehtiarov, Roman"]
[Result "1-0"]
[ECO "A14"]
[WhiteElo "2453"]
[BlackElo "2319"]
[Annotator "TA"]
[PlyCount "85"]
[EventDate "2024.03.06"]
[EventType "swiss"]
[EventCountry "UKR"]
[SourceTitle "playchess.com"]
[Source "ChessBase"]
[SourceQuality "1"]
[TimeControl "600+5"]

1. Nf3 d5 2. c4 e6 3. g3 Nf6 4. Bg2 Be7 5. O-O O-O 6. b3 b6 7. Bb2 Bb7 8. e3 c5 9. Nc3 Nc6 10. cxd5 Nxd5 11. Nxd5 exd5 12. d4 Bf6 13. Qd2 Rc8 14. dxc5 Bxb2 15. Qxb2 {[%emt 0:00:01] White is slightly better.} bxc5 16. Rfd1 Ne7 17. Ne5 Qd6 18. Rac1 Rfd8 19. h4 Ba8 20. Nd3 h6 21. Qa3 c4 22. Qxd6 (22. Qxa7 cxd3 23. Rxc8 Rxc8 $17) 22... Rxd6 23. Nf4 {[%emt 0:00:18] And now bxc4 would win.} cxb3 24. axb3 Rb8 25. Rc7 $36 {[%emt 0:00:21][%csl LRa7,LRe7][%mdl 2048] White is really pushing.} Rb7 26. Rdc1 {[%emt 0:00:08] aiming for Rxb7. White has more active pieces.} ({Don't take} 26. Nxd5 $6 Rxc7 27. Nxe7+ Rxe7 $14) 26... Rd7 $2 {[%emt 0:01:47] [#] This costs Black the game.} (26... g5 $16) 27. Rc8+ $1 $18 Nxc8 28. Rxc8+ Kh7 29. Rxa8 Rxb3 30. Bxd5 Rb4 31. e4 g6 32. Kg2 h5 $2 {[%emt 0:00:05] [#]} (32... Rd4 33. g4 Rd2) 33. Nd3 Rd4 34. Ne5 Rc7 35. Bxf7 Kg7 36. Bd5 Rd2 37. Nc6 Rc2 38. Nxa7 (38. Nd4) 38... R7c3 $2 (38... R2c5 39. Nc6 R7xc6) 39. Nb5 {[%emt 0:00:09] White is clearly winning.} Rd3 40. Ra7+ Kh8 41. Nd6 Rdd2 42. Nf7+ Kg8 43. Ne5+ {[%emt 0:00:20] Weighted Error Value: White=0.37/Black=0.48.  Loses game:     	---       	Black=1      Mistake:       	---       	Black=1      Inaccurate:     	White=1     	Black=4      OK:         	White=9     	Black=7      Best:        	White=2     	Black=5      Brilliant:      	White=1     	---} 1-0

[Event "Memorial Ukrainian Chess Warriors 2024"]
[Site "Lviv"]
[Date "2024.03.15"]
[Round "7.4"]
[White "Stolbov, Mikhail G."]
[Black "Kravtsiv, Martyn"]
[Result "0-1"]
[ECO "A46"]
[WhiteElo "2205"]
[BlackElo "2598"]
[Annotator "TA"]
[PlyCount "48"]
[EventDate "2024.03.06"]
[EventType "swiss"]
[EventCountry "UKR"]
[SourceTitle "playchess.com"]
[Source "ChessBase"]
[SourceQuality "1"]
[TimeControl "600+5"]

1. d4 Nf6 2. Nf3 e6 3. Bg5 d5 4. e3 h6 5. Bf4 c5 6. c3 Nc6 7. Nbd2 Bd6 8. g3 {[%emt 0:02:01] The position is equal.} O-O 9. Bd3 Qe7 10. Ne5 Qc7 (10... Bxe5 $15 {deserves consideration.} 11. dxe5 Nd7) 11. Ndf3 b6 12. g4 Ne4 13. g5 (13. Nxc6 $1 $14 Bxf4 14. exf4 Qxc6 15. Ne5) 13... hxg5 $11 14. Bxe4 $2 (14. Nxg5 $11 Bxe5 15. dxe5 (15. Qh5 Nxg5 16. dxe5 Ne4 $11) 15... Nxg5 (15... Nxe5 $2 16. Bxe4 g6 17. Bc2 $18) 16. Rg1) 14... dxe4 $19 (14... gxf4 15. Bh7+ Kh8 (15... Kxh7 16. Ng5+ Kh6 17. Qg4 $17) 16. Bc2 Nxe5 17. Nxe5 $17) 15. Nxg5 {[%emt 0:00:59] [#] Qh5 would kill now.} f6 $1 16. h4 (16. Ng6 {might work better.} Bxf4 (16... fxg5 $2 17. Bxd6 Qxd6 18. Nxf8 $19) 17. exf4 fxg5 18. Qh5) 16... fxe5 (16... Bxe5 17. dxe5 fxg5 18. hxg5) (16... fxg5 $19 17. hxg5 Bxe5 18. dxe5 Qf7 (18... Nxe5 $2 19. g6 $19)) 17. Rg1 (17. Qh5 $17 g6 (17... Rxf4 $2 18. Qh7+ Kf8 19. dxc5 $18) 18. Qxg6+ Qg7 19. Qxg7+ Kxg7 20. Nxe4 exf4 (20... cxd4 $2 21. Bg5 $17) 21. Nxd6) 17... Rf6 $2 (17... exf4 18. Qh5 Rf5 19. Qh7+ Kf8 20. Nxe4 $19) (17... Be7 $19 18. dxe5 Bxg5 (18... Nxe5 $2 19. Bxe5 Qxe5 20. Qh5 $19) 19. Rxg5 Ba6) 18. Nxe4 $2 {[%emt 0:00:04] [#]} (18. dxe5 $1 $11 {and White has nothing to worry.} Nxe5 (18... Bxe5 19. Qh5 $16) 19. Bxe5 Bxe5 20. Qh5) 18... Rf5 ({Avoid the trap} 18... Rxf4 $2 19. exf4 Bf8 (19... exf4 $2 20. Qh5 $18) 20. Ng5 $18) (18... Rf7 $1 $19 19. dxc5 Bxc5) 19. dxe5 (19. Nxd6 $17 Qxd6 20. Bh6) 19... Bxe5 20. Bxe5 (20. Bh6 Kf8 21. Bg5) 20... Nxe5 ({Less strong is} 20... Rxe5 21. Qg4 $15) 21. Rg3 {[%emt 0:00:04] Dodges Nf3+} Bb7 22. Ng5 Rd8 23. Qh5 {[%emt 0:00:04] Qh7+ would now be deadly.} Nd3+ 24. Kf1 Rxf2+ {[%emt 0:00:01] Weighted Error Value: White=1.16/Black=0.78.  Loses game:     	White=3     	---        Missed win:     	---       	Black=2      Mistake:       	White=4     	Black=2      Inaccurate:     	---       	Black=1      OK:         	White=2     	Black=4      Strong:       	---       	Black=1} 0-1

[Event "Memorial Ukrainian Chess Warriors 2024"]
[Site "Lviv"]
[Date "2024.03.15"]
[Round "7.5"]
[White "Grinev, Valeriy"]
[Black "Guivan, Vasily"]
[Result "1/2-1/2"]
[ECO "A43"]
[WhiteElo "2422"]
[BlackElo "2013"]
[Annotator "TA"]
[PlyCount "85"]
[EventDate "2024.03.06"]
[EventType "swiss"]
[EventCountry "UKR"]
[SourceTitle "playchess.com"]
[Source "ChessBase"]
[SourceQuality "1"]
[TimeControl "600+5"]

1. d4 Nf6 2. Nf3 c5 3. d5 d6 4. Nc3 g6 5. e4 Bg7 6. Be2 Bg4 7. Nd2 Bxe2 8. Qxe2 Nbd7 9. O-O O-O 10. Nc4 Ne8 11. Bg5 Bf6 12. Bh6 {[%emt 0:00:20] White is better.} Bg7 13. Bxg7 Kxg7 14. e5 {[%emt 0:00:06] White has more active pieces. The black rooks are passive.} (14. a4 $16) 14... dxe5 $11 15. Nxe5 Nxe5 16. Qxe5+ f6 17. Qe3 Nd6 18. Qxc5 b6 (18... Qb6 $142 19. Qxb6 axb6) 19. Qe3 Rc8 20. Rfe1 Rf7 21. Qd3 Qc7 22. Re2 Nc4 {[%emt 0:00:58] [#]} 23. Nb5 (23. Nd1 $1 $16) 23... Qd7 $14 24. Nd4 {[%emt 0:01:04] aiming for b3.} Nxb2 25. Ne6+ Kg8 26. Qd4 $36 {[%emt 0:00:03][%mdl 2048] White fights for an advantage.} Nc4 27. h4 Nd6 {[%emt 0:00:04] [#]} 28. h5 $1 Qb5 29. Rae1 Rc4 30. Qd2 Qb4 $2 ({Better is} 30... Rg4 $14) 31. hxg6 hxg6 {[%emt 0:00:03] [#]} 32. Qh6 {[%emt 0:00:04] Dodges Qxd2} (32. Qd3 $1 $16 Rg4 33. f3) 32... Rg4 $11 33. c3 Qc4 (33... Qxc3 $11 34. g3 Nf5) 34. g3 ({White has to play} 34. f3 $16 Nf5 35. Qd2) 34... Nf5 35. Qd2 (35. Qh1 $11) 35... Rh7 $17 {[%emt 0:00:12] Threatens to win with ...Rh5.} 36. Nd4 $2 Qxd5 37. Nf3 Qxf3 $2 ({Black should try} 37... Nd4 $19 38. Qxd4 Rxd4) 38. Qd8+ $11 {[%emt 0:00:01] The position is equal.} Kg7 39. Rxe7+ $1 Nxe7 40. Rxe7+ Kh6 {[%emt 0:00:02] ( -> ...Rxe7)} 41. Qf8+ Kg5 42. Rxh7 Rxg3+ 43. fxg3 {Weighted Error Value: White=0.76/Black=0.52.  Loses game:     	White=1     	---        Mistake:       	White=5     	Black=3      Inaccurate:     	White=3     	Black=4      OK:         	White=6     	Black=10     Best:        	---       	Black=2      Strong:       	White=1     	---} 1/2-1/2

[Event "Memorial Ukrainian Chess Warriors 2024"]
[Site "Lviv"]
[Date "2024.03.15"]
[Round "7.6"]
[White "Alexikov, Alexander"]
[Black "Shevchenko, Yaroslav"]
[Result "0-1"]
[ECO "B47"]
[WhiteElo "2183"]
[BlackElo "1971"]
[Annotator "RC"]
[PlyCount "128"]
[EventDate "2024.03.06"]
[EventType "swiss"]
[EventCountry "UKR"]
[SourceTitle "playchess.com"]
[Source "ChessBase"]
[SourceQuality "1"]
[TimeControl "600+5"]

1. e4 c5 2. Nf3 e6 3. Nc3 Nc6 4. d4 cxd4 5. Nxd4 Qc7 6. Nb3 Nf6 7. Bd3 a6 8. f4 d6 9. a4 Be7 10. a5 b6 11. axb6 Qxb6 12. Qe2 Nb4 13. Be3 Nxd3+ 14. Qxd3 Qc7 15. h3 Bb7 16. Na5 Nd7 17. O-O O-O 18. Rfd1 Rfb8 19. Nxb7 Qxb7 20. b3 Qc6 21. Na4 Rb4 22. e5 d5 23. c4 Nc5 24. Nxc5 Bxc5 25. cxd5 Qxd5 26. Qc3 Bxe3+ 27. Qxe3 Qb7 28. Rd3 h5 29. Rad1 Qb6 30. Qxb6 Rxb6 31. Rd8+ Rxd8 32. Rxd8+ Kh7 33. Rd3 h4 34. Kf2 Kg6 35. g4 hxg3+ 36. Rxg3+ Kh6 37. Rd3 Rb4 38. Kg3 a5 39. h4 Kh5 40. Rc3 Rd4 41. Re3 Rd1 42. Rc3 Rb1 43. Rd3 Rg1+ 44. Kh2 Rg4 45. Rf3 Rxh4+ 46. Kg3 Rg4+ 47. Kf2 Kg6 48. Ke3 Kf5 49. Rf1 Rg3+ 50. Kd4 Rxb3 51. Rg1 g6 52. Ra1 Rb4+ 53. Kc5 Rxf4 54. Kd6 a4 55. Ra3 g5 56. Re3 g4 57. Ke7 Re4 58. Ra3 Kxe5 59. Kxf7 Kf4 60. Kf6 g3 61. Ra2 Kf3 62. Ra3+ Re3 63. Rxa4 g2 64. Ra1 Kf2 0-1